 Dungeon Crawl Stone Soup version 0.26-a0-610-g3e9335b (webtiles) character file.

Game seed: 7083602579979327854

96 B1Gdaddy5 the Grave Robber (level 4, -2/24 HPs)
             Began as a Deep Elf Necromancer on Sept 4, 2020.
             Slain by a worm (8 damage)
             ... on level 2 of the Dungeon.
             The game lasted 00:15:43 (1960 turns).

B1Gdaddy5 the Grave Robber (Deep Elf Necromancer)   Turns: 1960, Time: 00:15:44

Health: -2/24      AC:  2    Str:  5    XL:     4   Next: 41%
Magic:  6/12       EV: 13    Int: 21    God:
Gold:   52         SH:  0    Dex: 15    Spells: 10/12 levels left

rFire    . . .     SeeInvis .   b - +0 dagger
rCold    . . .     Faith    .   (no shield)
rNeg     . . .     Spirit   .   a - +0 robe
rPois    .         Reflect  .   (no helmet)
rElec    .         Harm     .   (no cloak)
rCorr    .                      (no gloves)
MR       .....                  (no boots)
Stlth    ++........             (no amulet)
HPRegen  0.08/turn              f - ring of wizardry
MPRegen  0.13/turn              (no ring)

@: no status effects
A: no striking features
a: no special abilities


You were on level 2 of the Dungeon.
You visited 1 branch of the dungeon, and saw 2 of its levels.

You collected 52 gold pieces.

Inventory:

Hand Weapons
 b - a +0 dagger (weapon)
Armour
 a - a +0 robe (worn)
Jewellery
 f - a ring of wizardry (left hand)
Scrolls
 d - a scroll of fear {unknown}
 g - a scroll of immolation {unknown}
 h - 2 scrolls of teleportation {unknown}
Potions
 c - a potion of magic {unknown}
 e - 2 potions of heal wounds {unknown}


   Skills:
 + Level 2.5 Dodging
 + Level 2.6 Stealth
 + Level 4.7 Spellcasting
 + Level 6.1 Necromancy


You had 10 spell levels left.
You knew the following spells:

 Your Spells              Type           Power        Failure   Level
a - Pain                  Necr           ####         1%          1
b - Animate Skeleton      Necr           ####..       1%          1

Your spell library contained the following spells:

 Spells                   Type           Power        Failure   Level
 Vampiric Draining        Necr           ####......   1%          3
 Animate Dead             Necr           ####......   3%          4
 Agony                    Necr           ####....     10%         5


Dungeon Overview and Level Annotations

Branches:
Dungeon (2/15)

Altars:


Message History

Confirm with . or Enter, or press ? or * to list all spells.
Aiming: Pain (safe; 1% risk of failure)
Press: ? - help, Shift-Dir - straight line, f/p - worm
Aim: a worm (moderately wounded, chance to defeat MR: 89%)
The worm writhes in agony.
The worm bites you.
You hit the worm but do no damage.
The worm is heavily wounded.
Casting: Pain (safe; 1% risk of failure)
Confirm with . or Enter, or press ? or * to list all spells.
Aiming: Pain (safe; 1% risk of failure)
Press: ? - help, Shift-Dir - straight line, f/p - worm
Aim: a worm (heavily wounded, chance to defeat MR: 89%)
The worm writhes in agony!
Casting: Pain (safe; 1% risk of failure)
Confirm with . or Enter, or press ? or * to list all spells.
Aiming: Pain (safe; 1% risk of failure)
Press: ? - help, Shift-Dir - straight line, f/p - worm
Aim: a worm (severely wounded, chance to defeat MR: 89%)
The worm writhes in agony.
The worm bites you!
You die...

..........g.
###.).........
.............
#...........
#.......... #.......#
#.......# #######
#...w...# ......#
#...@...#
#####.#############.#
#...............#
#####.###############
....#.# ....#.#
....#.# ....#.#
....'.#


You could see a worm.

Vanquished Creatures
  A scorpion (D:2)
  An adder (D:2)
  An ooze (D:1)
  A worm (D:2)
  5 bats
  3 giant cockroaches (D:1)
  3 goblins
  4 hobgoblins
  A ball python (D:1)
  3 frilled lizards (D:1)
  9 kobolds
  A rat (D:1)
33 creatures vanquished.

Vanquished Creatures (collateral kills)
  An adder zombie (D:2)
1 creature vanquished.

Grand Total: 34 creatures vanquished

Notes
Turn   | Place    | Note
-------+----------+-------------------------------------------
     0 | D:1      | B1Gdaddy5 the Deep Elf Necromancer began the quest for the
                  | Orb.
     0 | D:1      | Reached XP level 1. HP: 10/10 MP: 6/6
    27 | D:1      | Learned a level 1 spell: Animate Skeleton
   178 | D:1      | Reached skill level 5 in Necromancy
   428 | D:1      | Reached XP level 2. HP: 13/15 MP: 4/8
  1489 | D:2      | Reached XP level 3. HP: 19/19 MP: 8/10
  1737 | D:2      | Noticed a scorpion
  1741 | D:2      | Killed a scorpion
  1741 | D:2      | Reached skill level 6 in Necromancy
  1741 | D:2      | Reached XP level 4. HP: 21/24 MP: 7/12
  1960 | D:2      | Slain by a worm

Illustrated notes

Levels and vault maps discovered:
D:1:      dpeg_arrival_windows_large_door, layout_basic
D:2:      minmay_recursive_quarters, layout_basic, minitemple

Skill      XL: |  1  2  3 |
---------------+----------+-----
Necromancy     | 5 6 |  6.1
Spellcasting   | 4 |  4.7
Dodging        | |  2.5
Stealth        | |  2.6

Action                   |  1- 3 |  4- 6 || total
-------------------------+-------+-------++-------
Melee: Dagger            |     6 |     6 ||    12
 Cast: Pain              |    49 |    11 ||    60
       Animate Skeleton  |       |     1 ||     1
Armor: Robe              |     4 |     1 ||     5
Dodge: Dodged            |    18 |     8 ||    26

Table legend: (Time is in decaauts)
 A = Elapsed time spent in this place.
 B = Non-inter-level travel time spent in this place.
 C = Inter-level travel time spent in this place.
 D = Time resting spent in this place.
 E = Time spent auto-exploring this place.
 F = Levels seen in this place.
 G = Mean time per level.
                   A        B        C        D        E       F      G
               +--------+--------+--------+--------+--------+-----+--------+
         Total |   1957 |   1922 |     35 |    621 |    984 |   2 |  978.5 |
       Dungeon |   1957 |   1922 |     35 |    621 |    984 |   2 |  978.5 |
               +--------+--------+--------+--------+--------+-----+--------+

Top non-repeatable levels by time:
     D:1: 1372 daAuts
     D:2: 585 daAuts
